 Dungeon Sprint DCSS version 0.30-a0-870-gc5d4c5acee (webtiles) character file.

Game seed: 6873470830243331894

7906 rocky1 the Impaler (level 11, -7/96 HPs)
             Began as a Formicid Fighter on Mar 12, 2023.
             Was the Champion of Cheibriados.
             Mangled by a death yak (9 damage)
             ... while petrified by a catoblepas
             ... in the Dungeon (Sprint IX: "|||||||||||||||||||||||||||||").
             The game lasted 00:07:04 (2322 turns).

rocky1 the Impaler (Formicid Fighter)               Turns: 2322, Time: 00:07:05

Health: -7/96      AC: 19    Str: 40    XL:     11   Next: 45%
Magic:  9/17       EV:  2    Int: 23    God:    Cheibriados [******]
Gold:   0          SH:  0    Dex: 28    Spells: 10/10 levels left

rFire   . . .      SeeInvis +    l - +2 halberd (venom)
rCold   . . .      Faith    .    c - +0 buckler
rNeg    + + +      Spirit   .    n - +1 chain mail
rPois   ∞          Reflect  .    (helmet unavailable)
rElec   .          Rampage  .    (no cloak)
rCorr   .                        (no gloves)
Will    +....                    m - +0 pair of boots
Stlth   +                        (no amulet)
HPRegen 0.36/turn                o - +2 ring of protection
MPRegen 0.15/turn                p - +2 ring of protection

@: petrified, very slow
A: permanent stasis, dig shafts and tunnels, antennae 3, four strong arms
a: Dig, Renounce Religion, Bend Time, Temporal Distortion, Slouch, Step From
Time


You were in the Dungeon.
You worshipped Cheibriados.
Cheibriados was exalted by your worship.
You visited 1 branch

Inventory:

Hand Weapons
 a - a +0 trident
 l - a +2 halberd of venom (weapon)
 t - a +2 morningstar of protection
 u - the +4 quarterstaff of the Hammering Hawk {freeze, Fly Will- rCorr}
   (You found it in the Dungeon)

   Fly:       It grants you flight.
   rCorr:     It protects you from acid and corrosion.
   Will:      It decreases your willpower.
Armour
 b - a +0 scale mail
 c - a +0 buckler (worn)
 e - +0 acid dragon scales
 m - a +0 pair of boots (worn)
 n - a +1 chain mail (worn)
Jewellery
 o - a +2 ring of protection (left hand)
 p - a +2 ring of protection (right hand)
Wands
 k - a wand of acid (10)
Scrolls
 h - 4 scrolls of blinking
 j - 2 scrolls of amnesia
 r - 3 scrolls of fog
 s - a scroll of fear
Potions
 d - 3 potions of might
 f - a potion of heal wounds
 g - 4 potions of magic
 i - 5 potions of curing
 q - a potion of resistance


   Skills:
 - Level 12.7 Fighting
 - Level 18.5 Polearms
 - Level 2.0(12.3) Staves
 - Level 12.6 Armour
 - Level 3.6 Dodging
 - Level 4.7 Stealth
 - Level 10.3 Shields
 + Level 8.1 Invocations


You had 10 spell levels left.
You didn't know any spells.
Your spell library contained the following spells:

 Spells                   Type           Power      Damage    Failure   Level
 Apportation              Tloc           0%         N/A       43%         1
 Necrotise                Necr           0%         1d4       43%         1
 Summon Small Mammal      Summ           0%         N/A       43%         1


Dungeon Overview and Level Annotations

Branches:
Dungeon (1/1)

Altars:
Cheibriados
Dithmenos
Elyvilon
Fedhas
Gozag
Hepliaklqana
Kikubaaqudgha
Makhleb
Nemelex Xobeh
Okawaru
Qazlal
Ru
Sif Muna
Trog
Uskayaw
Vehumet
Wu Jian
Xom
Yredelemnul
Zin
The Shining One
Jiyva
Lugonu


Innate Abilities, Weirdness & Mutations

You cannot be hasted, slowed, berserked, paralysed or teleported.
You can dig through walls and to a lower floor.
You have a pair of large antennae on your head. (SInv)
Your four strong arms can wield two-handed weapons with a shield.


Message History

The catoblepas looks as sick as possible!
The catoblepas is lightly wounded.
The catoblepas barely misses you.
You puncture the catoblepas!
The catoblepas looks as sick as possible!
The catoblepas is heavily wounded.
You slice the catoblepas!!
The catoblepas is severely wounded.
The catoblepas gores you!!
You barely miss the catoblepas.
The catoblepas is severely wounded.
The catoblepas breathes a plume of calcifying dust at you.
The blast of calcifying dust hits you but does no damage.
You slash the catoblepas!
The catoblepas looks as sick as possible!
The catoblepas is almost dead.
You are engulfed in calcifying dust.
You are slowing down.
You impale the catoblepas!!
You kill the catoblepas!
Cheibriados thoroughly appreciates the change of pace.
You are engulfed in calcifying dust.
The death yak gores you!
* * * LOW HITPOINT WARNING * * *
Your limbs are stiffening.
Your Invocations skill gained 3 levels and is now at level 8!
Unknown command.
Unknown command.
You are engulfed in calcifying dust.
Your limbs have turned to stone.
The death yak barely misses you.
You have turned to stone.
You are engulfed in calcifying dust.
The death yak gores you!!
* * * LOW HITPOINT WARNING * * *
You are engulfed in calcifying dust.
The death yak gores you!
* * * LOW HITPOINT WARNING * * *
The death yak gores you!
* * * LOW HITPOINT WARNING * * *
The death yak gores you.
* * * LOW HITPOINT WARNING * * *
The death yak gores you but does no damage.
The death yak gores you!!
You die...

{
▓.▓.▓_▓
{
▓.▓.▓_▓
{
▓.▓.▓_▓
{
▓.▓.▓_▓
{
▓.▓.▓_▓
{
▓.▓.▓_▓
{
▓.▓.▓_▓
{
▓.▓.▓_▓
▓@▓.▓_▓
{
▓Y▓.▓'▓
{
▓Y▓.▓.▓
{
▓Y▓.▓.▓
{
▓Y▓.▓)▓
{
▓Y▓.▓.▓
▓Y▓.▓.▓
{
▓.▓.▓[▓
▓.▓.▓


You could see 3 death yaks and 3 yaks.

Vanquished Creatures
  A hydra (D)
  A catoblepas (D)
  A boulder beetle (D)
  A centaur warrior (D)
  A death yak (D)
  An oklob plant (D)
  A black mamba (D)
  An unseen horror (D)
  5 cane toads (D)
  2 komodo dragons (D)
  A blink frog (D)
  2 yaks (D)
  2 basilisks (D)
  2 water moccasins (D)
  An acid dragon (D)
  A black bear (D)
  A centaur (D)
  An ogre (D)
  A wolf (D)
  A howler monkey (D)
  An adder (D)
  2 orcs (D)
  An endoplasm (D)
  A hobgoblin (D)
  2 ball pythons (D)
  A rat (D)
36 creatures vanquished.

Vanquished Creatures (others)
  A two-headed ogre (D)
  2 centaur warriors (D)
  A gargoyle (D)
  A wraith (D)
  An acid dragon (D)
6 creatures vanquished.

Grand Total: 42 creatures vanquished

Notes
Turn   | Place    | Note
-------+----------+-------------------------------------------
     0 | D        | rocky1 the Formicid Fighter began the quest for the Orb.
     0 | D        | Reached XP level 1. HP: 18/18 MP: 1/1
   117 | D        | Noticed a black bear
   117 | D        | Noticed an ogre
   121 | D        | Reached XP level 2. HP: 22/25 MP: 2/2
   131 | D        | HP: 1/25 [black bear (4)]
   132 | D        | Killed a black bear
   133 | D        | Reached skill level 5 in Fighting
   133 | D        | Reached skill level 4 in Polearms
   133 | D        | Reached XP level 3. HP: 1/34 MP: 3/3
   133 | D        | Reached XP level 4. HP: 2/40 MP: 4/4
   133 | D        | Reached XP level 5. HP: 2/46 MP: 5/5
   151 | D        | Killed an ogre
   152 | D        | Reached skill level 6 in Polearms
   152 | D        | Reached skill level 1 in Dodging
   152 | D        | Reached XP level 6. HP: 32/53 MP: 6/6
   158 | D        | Found a snail-covered altar of Cheibriados.
   158 | D        | Found a shadowy altar of Dithmenos.
   158 | D        | Found a white marble altar of Elyvilon.
   158 | D        | Found a blossoming altar of Fedhas.
   158 | D        | Found an opulent altar of Gozag.
   159 | D        | Found a hazy altar of Hepliaklqana.
   160 | D        | Found a viscous altar of Jiyva.
   427 | D        | Found an ancient bone altar of Kikubaaqudgha.
   428 | D        | Found a corrupted altar of Lugonu.
   429 | D        | Found a burning altar of Makhleb.
   430 | D        | Found a sparkling altar of Nemelex Xobeh.
   431 | D        | Found an iron altar of Okawaru.
   436 | D        | Became a worshipper of Cheibriados the Contemplative
   441 | D        | Found a stormy altar of Qazlal.
   442 | D        | Found a sacrificial altar of Ru.
   443 | D        | Found a shimmering blue altar of Sif Muna.
   444 | D        | Found a bloodstained altar of Trog.
   445 | D        | Found a hide-covered altar of Uskayaw.
   446 | D        | Found a radiant altar of Vehumet.
   447 | D        | Found an ornate altar of the Wu Jian Council.
   448 | D        | Found a shimmering altar of Xom.
   449 | D        | Found a basalt altar of Yredelemnul.
   450 | D        | Found a glowing silver altar of Zin.
   451 | D        | Found a glowing golden altar of the Shining One.
   498 | D        | Noticed a wraith
   498 | D        | Noticed a two-headed ogre
   498 | D        | Noticed an acid dragon
   498 | D        | Noticed an acid dragon
   504 | D        | Killed a two-headed ogre
   508 | D        | Killed a wraith
   514 | D        | Reached skill level 7 in Polearms
   516 | D        | Killed an acid dragon
   517 | D        | Reached XP level 7. HP: 55/61 MP: 7/7
   521 | D        | Killed an acid dragon
   521 | D        | Reached * piety under Cheibriados
   522 | D        | Reached skill level 8 in Polearms
   534 | D        | Noticed a gargoyle
   534 | D        | Noticed a centaur warrior
   534 | D        | Noticed a centaur warrior
   534 | D        | Noticed a centaur warrior
   534 | D        | Noticed a basilisk
   534 | D        | Noticed an unseen horror
   534 | D        | Killed a gargoyle
   537 | D        | Killed a centaur warrior
   538 | D        | Reached skill level 10 in Polearms
   538 | D        | Reached skill level 10 in Armour
   538 | D        | Reached XP level 8. HP: 65/70 MP: 8/8
   540 | D        | Killed a centaur warrior
   541 | D        | Reached skill level 11 in Polearms
   550 | D        | Killed a centaur warrior
   550 | D        | Reached ** piety under Cheibriados
   551 | D        | Reached skill level 13 in Polearms
   551 | D        | Reached XP level 9. HP: 38/75 MP: 9/9
   556 | D        | Reached skill level 14 in Polearms
   568 | D        | Killed an unseen horror
   569 | D        | Reached skill level 15 in Polearms
  1058 | D        | Noticed a cane toad
  1058 | D        | Noticed a komodo dragon
  1058 | D        | Noticed a cane toad
  1058 | D        | Noticed a cane toad
  1061 | D        | Reached *** piety under Cheibriados
  1061 | D        | Noticed a komodo dragon
  1063 | D        | Noticed a blink frog
  1065 | D        | Killed a cane toad
  1070 | D        | Killed a komodo dragon
  1071 | D        | Reached skill level 16 in Polearms
  1077 | D        | Killed a cane toad
  1077 | D        | Reached **** piety under Cheibriados
  1078 | D        | Reached skill level 10 in Fighting
  1078 | D        | Reached XP level 10. HP: 49/85 MP: 10/10
  1083 | D        | Killed a cane toad
  1084 | D        | Reached ***** piety under Cheibriados
  1088 | D        | Killed a komodo dragon
  1105 | D        | Reached skill level 17 in Polearms
  1457 | D        | Noticed an oklob plant
  1457 | D        | Noticed a black mamba
  1457 | D        | Noticed a cane toad
  1473 | D        | Killed an oklob plant
  1593 | D        | Noticed a cane toad
  1598 | D        | Killed a black mamba
  1598 | D        | Reached ****** piety under Cheibriados
  1600 | D        | Noticed a boulder beetle
  1601 | D        | Killed a cane toad
  1603 | D        | Noticed an eight-headed hydra
  1606 | D        | Reached skill level 10 in Shields
  1608 | D        | Killed a cane toad
  1609 | D        | Reached skill level 18 in Polearms
  1609 | D        | Reached XP level 11. HP: 81/95 MP: 11/11
  1774 | D        | Got the +4 quarterstaff of the Hammering Hawk {freeze, Fly
                  | Will- rCorr}
  1902 | D        | Killed an eight-headed hydra
  1903 | D        | Reached skill level 1 in Staves
  1909 | D        | Killed a boulder beetle
  2291 | D        | Noticed a death yak
  2291 | D        | Noticed a catoblepas
  2291 | D        | Noticed a death yak
  2291 | D        | Noticed a death yak
  2291 | D        | Noticed a death yak
  2304 | D        | Killed a death yak
  2305 | D        | Reached skill level 5 in Invocations
  2315 | D        | Killed a catoblepas
  2319 | D        | HP: 2/96 [death yak (6)]
  2322 | D        | Mangled by a death yak

Illustrated notes

Levels and vault maps discovered:
D:        linesprint [early_d, line_temple, items_1, d_10, items_2, lair_1,
          lair_end, items_3, orc_1, orc_end, items_4, d_15, swamp_1, shoals_1,
          snake_1, spider_1, d_20, vaults_1, items_5, swamp_end, shoals_end,
          snake_end, spider_end, vaults_end, d_27, items_6, zot_1, zot_end,
          crypt_end, forest_end, elf_end, slime_end, tomb_end, abyss_end,
          pan_hell_end]

Skill      XL: |  1  2  3  4  5  6  7  8  9 10 11 |
---------------+----------------------------------+-----
Fighting       | 4 5 6 7 8 10 12 | 12.7
Armour         | 4 6 7 8 10 11 12 | 12.6
Polearms       | 4 6 7 10 13 16 18 | 18.5
Shields        | 6 7 8 9 10 | 10.3
Dodging        | 1 2 3 |  3.6
Stealth        | 4 |  4.7
Staves         | 2 |  2.0
Invocations    | 8 |  8.1

Action                     |  1- 3 |  4- 6 |  7- 9 | 10-12 || total
---------------------------+-------+-------+-------+-------++-------
  Melee: Trident           |    22 |    17 |       |       ||    39
         Halberd           |       |    15 |    49 |    59 ||   123
         Quarterstaff      |       |       |       |     6 ||     6
 Invoke: Slouch            |       |       |       |     1 ||     1
    Use: Potion            |       |     3 |     1 |       ||     4
   Stab: Invisible         |       |     2 |     3 |       ||     5
         Petrified         |       |       |       |     3 ||     3
 Armour: Scale mail        |    19 |     2 |       |       ||    21
         Chain mail        |       |     8 |    27 |    19 ||    54
  Dodge: Dodged            |     8 |    21 |    15 |    18 ||    62
  Block: Buckler           |     5 |    10 |     8 |    12 ||    35

Table legend: (Time is in decaauts)
 A = Elapsed time spent in this place.
 B = Non-inter-level travel time spent in this place.
 C = Inter-level travel time spent in this place.
 D = Time resting spent in this place.
 E = Time spent auto-exploring this place.
 F = Levels seen in this place.
 G = Mean time per level.
                   A        B        C        D        E       F      G
               +--------+--------+--------+--------+--------+-----+--------+
         Total |   2668 |   2186 |    482 |   1592 |      0 |   1 | 2668.0 |
       Dungeon |   2668 |   2186 |    482 |   1592 |      0 |   1 | 2668.0 |
               +--------+--------+--------+--------+--------+-----+--------+

Top non-repeatable levels by time:
       D: 2668 daAuts
